 Dungeon Crawl Stone Soup version 0.30-a0-373-gd37427bb62 (webtiles) character file.

Game seed: 8231895046111658606

193 qeuew the Covered (level 5, -4/33 HPs)
             Began as a Tengu Fighter on Nov 23, 2022.
             Was a Follower of Trog.
             Slain by a gnoll
             ... wielding a +2 whip of electrocution
              (7 damage)
             ... on level 3 of the Dungeon.
             The game lasted 00:02:41 (1956 turns).

qeuew the Covered (Tengu Fighter)                   Turns: 1956, Time: 00:02:41

Health: -4/33      AC:  7    Str: 16    XL:     5   Next: 72%
Magic:  6/6        EV: 11    Int:  8    God:    Trog [*.....]
Gold:   139        SH:  5    Dex: 16    Spells: 4/4 levels left

rFire   . . .      SeeInvis .    a - +0 war axe
rCold   . . .      Faith    .    c - +0 buckler
rNeg    . . .      Spirit   .    b - +0 scale mail
rPois   +          Reflect  .    (helmet restricted)
rElec   .          Harm     .    j - scarf {repulsion}
rCorr   .          Rampage  .    (no gloves)
Will    .....                    (boots unavailable)
Stlth   ..........               (no amulet)
HPRegen 0.25/turn                f - ring of poison resistance
MPRegen 0.10/turn                (no ring)

@: lethally poisoned (-4 -> -21), on berserk cooldown, flying quickly and
evasively, slowed, repel missiles, very slow
A: beak, talons 3, nimble flight
a: Renounce Religion, Berserk


You were on level 3 of the Dungeon.
You worshipped Trog.
Trog was aware of your devotion.
You visited 1 branch of the dungeon, and saw 3 of its levels.

You collected 139 gold pieces.

Inventory:

Hand Weapons
 a - a +0 war axe (weapon)
Armour
 b - a +0 scale mail (worn)
 c - a +0 buckler (worn)
 j - a scarf of repulsion (worn)
Jewellery
 f - a ring of poison resistance (left hand)
 g - a +4 ring of evasion
Potions
 d - a potion of might
 e - a potion of berserk rage {unknown}
 h - a potion of flight
 i - a potion of heal wounds


   Skills:
 + Level 3.7 Fighting
 + Level 3.1 Axes
 * Level 4.7 Armour
 + Level 2.1 Dodging
 + Level 3.7 Shields


You had 4 spell levels left.
You didn't know any spells.
Your spell library was empty.

Dungeon Overview and Level Annotations

Branches:
Dungeon (3/15)

Altars:
Elyvilon
Gozag
Trog
Vehumet

Shops:
D:2 (

Annotations:
D:3 1 transporter


Innate Abilities, Weirdness & Mutations

You have a beak for a mouth.
You have claws for feet.
Your magical nature lets you fly swiftly and evasively.


Message History

You slash the plant!
The plant begins to die.
Tinescath's ghost hits you but does no damage.
You barely miss tinescath's ghost.
Tinescath's ghost is severely damaged.
You completely miss the plant.
Tinescath's ghost whispers, "Death doesn't hurt.
What you feel is life." Tinescath's ghost casts a spell at you.
You feel yourself slow down. Tinescath's ghost barely misses you.
You barely miss tinescath's ghost.
Tinescath's ghost is severely damaged.
You hit the plant. Tinescath's ghost hits you.
You closely miss tinescath's ghost. Your kick misses tinescath's ghost.
Your peck misses tinescath's ghost.
Tinescath's ghost is severely damaged.
You slash the plant!
A nearby plant withers and dies.
You block tinescath's ghost's attack.
You slash tinescath's ghost! You claw tinescath's ghost.
You destroy tinescath's ghost!
Trog accepts your kill.
Trog appreciates your killing of a magic user.
Your Axes skill increases to level 3!
Your Dodging skill increases to level 2!
You have reached level 5!
Your magical nature develops, letting you fly swiftly and evasively.
The gnoll drinks a potion.
The gnoll seems to speed up.
There is a transporter landing site here.
You feel a strong urge to attack something.
You are no longer berserk.
You are exhausted.
You feel as though you will be slow longer.
The gnoll sergeant hits you with the +10 spear of Melee {venom, rPois rF- rC+++ Stlth-}.
You closely miss the gnoll sergeant. You hit the plant.
The plant begins to die.
You slash the plant!
The plant begins to die.
A gnoll comes into view. It is wielding a +1 spear of freezing.
The gnoll sergeant hits you with the +10 spear of Melee {venom, rPois rF- rC+++ Stlth-}!
You are lethally poisoned!
The gnoll sergeant hits you with the +10 spear of Melee {venom, rPois rF- rC+++ Stlth-}!
* * * LOW HITPOINT WARNING * * *
The gnoll hits you with a +2 whip of electrocution!
You die...

#.≈≈≈≈≈≈≈≈≈≈≈≈~≈≈≈≈≈≈≈≈≈≈≈≈.#
#.≈≈≈≈≈≈≈≈≈≈≈≈~≈≈≈≈≈≈≈≈≈≈≈≈.#
..≈≈#####...........#####≈≈.#
..≈≈#g#.#.###.©.###.#.#.#≈≈.#
#.≈≈#...###©#####.###...#≈≈.#
#.≈≈###.....g......g..###≈≈.#
#.≈≈.8#.######'######.#8.≈≈.#
..≈≈.## #8..#g⌠.#.##.≈≈.#
..~~.#g.+ #⌠©.@gg.'..#.~~.#
#.≈≈.##.#W #8.P#P⌠P#.##.≈≈.#
..≈≈.8# ## ##+######.#8.≈≈.#
#.≈≈### . ......)...###≈≈.##
#.≈≈#gg # #.#####.###...#≈≈..#
#.≈≈#.#.#.###.©.###.#.#.#≈≈..#
.≈≈#####...........#####≈≈..#
≈≈≈ ≈≈≈≈≈≈...≈≈≈≈≈≈≈≈≈≈≈..#
≈≈≈≈≈≈..)≈≈≈≈≈≈≈≈≈≈≈..#


You could see a gnoll sergeant and 3 gnolls.

Vanquished Creatures
  The ghost of tinescath the Magician, an amateur DjHs (D:3)
  An orc wizard (D:3)
  A dart slug (D:2)
  2 orcs (D:3)
  3 endoplasms
  4 goblins
  3 hobgoblins
  4 jackals
  6 kobolds
  A quokka (D:2)
  2 ball pythons
  6 bats
  2 frilled lizards (D:1)
  3 rats
39 creatures vanquished.

Vanquished Creatures (others)
  3 plants (D:3)
3 creatures vanquished.

Grand Total: 42 creatures vanquished

Notes
Turn   | Place    | Note
-------+----------+-------------------------------------------
     0 | D:1      | qeuew the Tengu Fighter began the quest for the Orb.
     0 | D:1      | Reached XP level 1. HP: 14/14 MP: 2/2
   135 | D:1      | Reached XP level 2. HP: 19/19 MP: 3/3
   249 | D:1      | Found a faded altar of an unknown god.
   265 | D:1      | Prayed at the altar of an unknown god.
   265 | D:1      | Became a worshipper of Trog the Wrathful
   265 | D:1      | Reached * piety under Trog
   983 | D:2      | Reached skill level 1 in Dodging
   986 | D:2      | Reached XP level 3. HP: 15/23 MP: 4/4
  1157 | D:2      | Found an opulent altar of Gozag.
  1397 | D:2      | You fall into a shaft and drop 1 floor!
  1414 | D:3      | Found a radiant altar of Vehumet.
  1414 | D:3      | Found a white marble altar of Elyvilon.
  1443 | D:3      | Reached skill level 4 in Armour
  1443 | D:3      | Reached XP level 4. HP: 26/28 MP: 5/5
  1619 | D:2      | Found Vymuh's Weapon Shoppe.
  1856 | D:3      | Found a transporter.
  1873 | D:3      | Identified the +10 spear of Melee {venom, rPois rF- rC+++
                  | Stlth-}
  1873 | D:3      | Identified the +0 buckler of Kindness {rPois}
  1873 | D:3      | Noticed a gnoll sergeant
  1901 | D:3      | Found a transporter.
  1915 | D:3      | Noticed tinescath's ghost (amateur DjHs)
  1952 | D:3      | Killed tinescath's ghost
  1953 | D:3      | Gained mutation: Your magical nature lets you fly swiftly
                  | and evasively. [Tengu growth]
  1953 | D:3      | Reached XP level 5. HP: 33/33 MP: 6/6
  1956 | D:3      | Slain by a gnoll

Illustrated notes

Levels and vault maps discovered:
D:1:      kilobyte_arrival_exit_the_forest, layout_loops_ring,
          ebering_ecumenical_altar_mist
D:2:      layout_loops_ring, basic_altar, serial_shops, nicolae_shop_statue_plus
D:3:      layout_loops_ring, gammafunk_temple_overflow_pools,
          gammafunk_ghost_gnarly_gnolls, minmay_tree_intersection

Skill      XL: |  1  2  3  4 |
---------------+-------------+-----
Dodging        | 1 2 |  2.1
Armour         | 4 |  4.7
Axes           | 3 |  3.1
Fighting       | |  3.7
Shields        | |  3.7

Action                   |  1- 3 |  4- 6 || total
-------------------------+-------+-------++-------
Melee: War axe           |    53 |    18 ||    71
       Kick              |    13 |     2 ||    15
       Peck              |     2 |     3 ||     5
Invok: Berserk           |       |     1 ||     1
  Use: Potion            |     4 |       ||     4
       Scroll            |       |     3 ||     3
Armor: Scale mail        |    21 |     6 ||    27
Dodge: Dodged            |    28 |     6 ||    34
       Repelled          |     1 |       ||     1
Block: Buckler           |    10 |     3 ||    13

Table legend: (Time is in decaauts)
 A = Elapsed time spent in this place.
 B = Non-inter-level travel time spent in this place.
 C = Inter-level travel time spent in this place.
 D = Time resting spent in this place.
 E = Time spent auto-exploring this place.
 F = Levels seen in this place.
 G = Mean time per level.
                   A        B        C        D        E       F      G
               +--------+--------+--------+--------+--------+-----+--------+
         Total |   1986 |   1906 |     80 |      0 |   1614 |   3 |  662.0 |
       Dungeon |   1986 |   1906 |     80 |      0 |   1614 |   3 |  662.0 |
               +--------+--------+--------+--------+--------+-----+--------+

Top non-repeatable levels by time:
     D:1: 992 daAuts
     D:2: 742 daAuts
     D:3: 251 daAuts
